 Dungeon Crawl Stone Soup version 0.18.1-2-ga659475 (webtiles) character file.

2727 M4edhros the Basher (level 9, -9/53 HPs)
             Began as an Octopode Artificer on May 8, 2016.
             Was an Initiate of Dithmenos.
             Mangled by a white ugly thing (33 damage)
             ... on level 7 of the Dungeon.
             The game lasted 00:14:32 (7207 turns).

M4edhros the Basher (Octopode Artificer)            Turns: 7207, Time: 00:14:42

Health: -9/53      AC:  1    Str: 10    XL:     9   Next: 67%
Magic:  3/3        EV: 13    Int: 15    God:    Dithmenos [......]
Gold:   308        SH:  0    Dex: 15    Spells: 0 memorised, 8 levels left

rFire  + + +     SeeInvis .     v - +5 demon whip "Spellbinder" {antimagic, MR+}
rCold  . . .     Gourm    .     (no shield)
rNeg   . . .     Faith    .     (helmet restricted)
rPois  +         Spirit   .     H - amulet of magic regeneration
rElec  +         Dismiss  .     p - ring of fire
rCorr  +         Reflect  .     y - ring of protection from magic
SustAt .         Harm     .     A - ring of protection from fire
MR     ++...                    B - ring of flight
Stlth  +++++.....               D - +1 ring of evasion
                                (no ring)
                                (no ring)
                                (no ring)

@: resistant, drained, very resistant to hostile enchantments, quite stealthy
A: almost no armour, amphibious, 8 rings, constrict 8, camouflage 1, gelatinous
body 1
a: Renounce Religion, Evoke Flight


You were on level 7 of the Dungeon.
You worshipped Dithmenos.
Dithmenos was noncommittal.
You were hungry.

You visited 2 branches of the dungeon, and saw 8 of its levels.

You collected 308 gold pieces.

Inventory:

Hand Weapons
 a - a +0 short sword
 m - a +0 hunting sling
 q - a +2 short sword of draining
 v - the +5 demon whip "Spellbinder" (weapon) {antimagic, MR+}
   (You found it on level 4 of the Dungeon)

   It disrupts the flow of magical energy around spellcasters and certain
   magical creatures (including the wielder).
   It affects your resistance to hostile enchantments.
Missiles
 l - 3 steel tomahawks
 n - 250 stones (quivered)
 E - 8 curare-tipped needles
Jewellery
 p - a ring of fire (left tentacle)
 u - an uncursed amulet of harm
 y - a ring of protection from magic (right tentacle)
 A - a ring of protection from fire (on tentacle)
 B - a ring of flight (on tentacle)
 D - a +1 ring of evasion (on tentacle)
 H - an amulet of magic regeneration (around mantle)
Wands
 b - a wand of flame (4/48)
 c - a wand of enslavement (3/24)
 d - a wand of random effects (15/48)
 s - a wand of lightning (7/15)
 x - a wand of paralysis (8/24)
 C - a wand of digging (7/24)
 J - a wand of flame (27/48)
Scrolls
 e - 6 scrolls of remove curse {unknown}
 g - 7 scrolls of identify {unknown}
 h - a scroll of amnesia {unknown}
 r - a scroll of immolation {unknown}
 G - 2 scrolls of teleportation {unknown}
 K - a scroll of recharging {unknown}
 L - a scroll of fear {unknown}
 M - a scroll of random uselessness {unknown}
Potions
 i - a potion of magic
 o - a potion of degeneration
 z - a potion of agility {unknown}
 F - a potion of invisibility {unknown}
 N - a potion of heal wounds {unknown}
Books
 I - a book of the Warp

   Spells                             Type                      Level
   a - Recall                         Summoning/Translocation      3
   b - Gell's Gravitas                Hexes/Translocation          3
   c - Force Lance                    Conjuration/Translocation    4
   d - Warp Weapon                    Charms/Translocation         5
   e - Summon Forest                  Summoning/Translocation      5
Comestibles
 f - 6 bread rations
 k - 2 meat rations
 t - 2 beef jerkies
 w - a royal jelly


   Skills:
 + Level 1.4(0.6) Fighting
 - Level 1.0(0.2) Short Blades
 + Level 11.0(10.0) Maces & Flails
 + Level 2.4(1.6) Dodging
 + Level 8.8(7.8) Stealth
 - Level 3.2(2.4) Evocations


You had 8 spell levels left.
You didn't know any spells.

Dungeon Overview and Level Annotations

Branches:
Dungeon (7/15)             Temple (1/1) D:4

Altars:
Ashenzari
Cheibriados
Dithmenos
Fedhas
Gozag
Kikubaaqudgha
Makhleb
Nemelex Xobeh
Okawaru
Pakellas
Ru
Trog
Vehumet
Xom
Yredelemnul
Zin
The Shining One

Annotations:
D:7 Pikel


Innate Abilities, Weirdness & Mutations

You cannot wear most types of armour.
You are amphibious.
You can wear up to eight rings at the same time.
You can use your tentacles to constrict eight enemies at once.
Your skin changes colour to match your surroundings (Stealth).
Your rubbery body absorbs attacks (AC +1).


Message History

w - Wait here. f - Follow me.
Anything else - Stay silent.
Gang up on whom?
Press: ? - help, Dir - move target cursor, f - white ugly thing, p - Pikel
Aim: a white ugly thing Attack!
Pikel hits the white ugly thing but does no damage.
Pikel hits the white ugly thing but does no damage.
Drink which item? (? for menu, Esc to quit)
You feel protected.
The white ugly thing closely misses you.
Pikel hits the white ugly thing with a whip of freezing!
You whack the white ugly thing! You grab the white ugly thing.
You squeeze the white ugly thing, but do no damage.
The white ugly thing is moderately wounded.
You constrict the white ugly thing.
The white ugly thing tentacle-slaps you!
The white ugly thing freezes you!!
Ouch! That really hurt!
You die...

...........#
#.............#
#..........o.p#
#.........>.p.#
#...........op# #
#...........oK# #
#.............+ #
#..p..........# #
#@uK...p......##+#
#.<..........o....
#................#
#................#
#...............รท.
#......%.........#
#................#
#.............####
#.............


You could see a white ugly thing, 2 neutral freed slaves and the friendly Pikel.

Vanquished Creatures
  The ghost of execc the Archer, a novice CeHu of Okawaru (D:6)
  Sigmund (D:2)
  2 sky beasts
  3 ice beasts
  2 ogres
  4 centaurs
  The ghost of Hipnos the Vexing, an amateur SpEn of Ashenzari (D:3)
  A giant frog (D:3)
  2 scorpions
  A howler monkey (D:7)
  2 crimson imps (D:5)
  A jelly (D:7)
  6 orc wizards
  5 orc priests
  A hound (D:4)
  Terence (D:2)
  4 worker ants
  An iguana (D:7)
  A killer bee zombie (D:5)
  A hound zombie (D:5)
  A hound skeleton (D:5)
  Robin (D:2)
  9 adders
  7 gnolls
  3 oozes
  2 adder skeletons
  2 worms (D:5)
  3 dart slugs
  8 giant geckos
  11 orcs
  4 bats
  3 giant cockroaches (D:3)
  8 hobgoblins
  8 jackals
  8 kobolds
  3 quokkas (D:5)
  3 ball pythons
  A giant gecko skeleton (D:4)
  6 giant newts
  22 goblins
  9 rats
163 creatures vanquished.

Vanquished Creatures (collateral kills)
  2 gnolls (D:3)
  A kobold (D:3)
  A rat (D:3)
4 creatures vanquished.

Vanquished Creatures (others)
  An orc wizard (D:7)
  A gnoll (D:7)
2 creatures vanquished.

Grand Total: 169 creatures vanquished

Notes
Turn   | Place    | Note
--------------------------------------------------------------
     0 | D:1      | M4edhros the Octopode Artificer began the quest for the Orb.
     0 | D:1      | Reached XP level 1. HP: 13/13 MP: 3/3
   258 | D:1      | Reached XP level 2. HP: 18/18 MP: 4/4
   548 | D:1      | Reached XP level 3. HP: 23/23 MP: 5/5
   880 | D:2      | Noticed Terence
   894 | D:2      | Killed Terence
   894 | D:2      | Reached skill level 5 in Stealth
  1219 | D:3      | Reached XP level 4. HP: 13/28 MP: 6/6
  1226 | D:3      | Noticed Hipnos's ghost (amateur SpEn)
  1599 | D:2      | Noticed Robin
  1634 | D:2      | Killed Robin
  1634 | D:2      | Reached XP level 5. HP: 20/33 MP: 7/7
  2294 | D:4      | Found a shattered altar of Ashenzari.
  2309 | D:4      | Reached XP level 6. HP: 28/38 MP: 8/8
  2485 | D:4      | Found a staircase to the Ecumenical Temple.
  2601 | Temple   | Entered the Ecumenical Temple
  2756 | D:4      | Reached skill level 1 in Maces & Flails
  3056 | D:4      | Reached skill level 2 in Maces & Flails
  3163 | D:5      | Entered Level 5 of the Dungeon
  3190 | D:5      | Reached skill level 3 in Maces & Flails
  3190 | D:5      | Reached XP level 7. HP: 42/43 MP: 3/9
  3324 | D:3      | Reached skill level 4 in Maces & Flails
  3772 | D:2      | Noticed Sigmund
  3780 | D:2      | Killed Sigmund
  3780 | D:2      | Reached skill level 5 in Maces & Flails
  4239 | D:3      | Found a radiant altar of Vehumet.
  4239 | D:3      | Found a snail-covered altar of Cheibriados.
  4456 | D:3      | Found an iron altar of Okawaru.
  4975 | D:5      | Reached skill level 6 in Maces & Flails
  4975 | D:5      | Reached XP level 8. HP: 48/48 MP: 3/10
  5208 | D:5      | Reached skill level 7 in Maces & Flails
  5230 | D:5      | Found a glowing silver altar of Zin.
  5551 | D:6      | Reached skill level 8 in Maces & Flails
  5564 | D:6      | Noticed execc's ghost (novice CeHu)
  5583 | D:6      | Killed execc's ghost
  5583 | D:6      | Reached skill level 9 in Maces & Flails
  5583 | D:6      | Reached XP level 9. HP: 53/53 MP: 3/11
  5596 | D:6      | i dont believe it....
  5596 | D:6      | ice beast just teleported next to me slowed down
  5888 | D:6      | Reached skill level 10 in Maces & Flails
  5969 | D:6      | Found a basalt altar of Yredelemnul.
  6245 | D:3      | Killed Hipnos's ghost
  6591 | Temple   | Became a worshipper of Dithmenos the Shadowed
  6801 | D:7      | Reached skill level 11 in Maces & Flails
  6846 | D:7      | Found an opulent altar of Gozag.
  6922 | D:7      | Noticed Pikel
  7197 | D:7      | Noticed a white ugly thing
  7207 | D:7      | Mangled by a white ugly thing

Skill      XL: |  1  2  3  4  5  6  7  8  9 |
---------------+----------------------------+-----
Stealth        | 2 4 5 6 8 |  8.8
Maces & Flails | 3 6 9 11 | 11.0
Fighting       | |  1.4
Short Blades   | |  1.0
Dodging        | |  2.4
Evocations     | |  3.2

Action                   |  1- 3 |  4- 6 |  7- 9 || total
-------------------------+-------+-------+-------++-------
Melee: Short sword       |    51 |    86 |       ||   137
       Constrict         |    10 |    31 |    24 ||    65
       Tentacles         |     3 |    15 |    17 ||    35
       Demon whip        |       |    21 |   186 ||   207
Evoke: Wand              |     5 |    10 |     9 ||    24
  Use: Potion            |       |     3 |     4 ||     7
 Stab: Sleeping          |     9 |    10 |    26 ||    45
       Distracted        |       |     1 |       ||     1
       Paralysed         |       |       |     3 ||     3
  Eat: Pizza             |       |     1 |       ||     1
       Chunk             |       |     5 |    13 ||    18
Armor: Skin              |     7 |     8 |     9 ||    24
Dodge: Dodged            |    34 |    54 |    94 ||   182
